 Dungeon Crawl Stone Soup version 0.17-a0-1711-gc5340a3 (webtiles) character file.

25 kae the Firebug (level 3, -4/19 HPs)
             Began as a Tengu Fire Elementalist on Aug 22, 2015.
             Killed from afar by Natasha (9 damage)
             ... with a magic dart
             ... on level 2 of the Dungeon.
             The game lasted 00:01:01 (1008 turns).

kae the Firebug (Tengu Fire Elementalist)           Turns: 1008, Time: 00:01:02

Health: -4/19      AC:  2    Str:  8    XL:     3   Next: 4%
Magic:  3/7        EV: 15    Int: 16    God:
Gold:   54         SH:  0    Dex: 14    Spells: 1 memorised, 5 levels left

rFire  . . .     SeeInvis .     m - +1 whip (elec)
rCold  . . .     Clarity  .     a - +0 robe
rNeg   . . .     SustAt   .     (no shield)
rPois  .         Gourm    .     (helmet restricted)
rElec  .         Spirit   .     (no cloak)
rCorr  .         Warding  .     (no gloves)
rMut   .         Stasis   .     (boots unavailable)
MR     .....                    (no amulet)
Stlth  ++........               (no ring)
                                (no ring)

@: flying quickly and evasively, very slightly contaminated, slowed, very slow,
not resistant to hostile enchantments, unstealthy
A: beak, talons 3
a: no special abilities


You were on level 2 of the Dungeon.
You were not hungry.

You visited 1 branch of the dungeon, and saw 2 of its levels.

You collected 54 gold pieces.

Inventory:

Hand weapons
 m - a +1 whip of electrocution (weapon)
Missiles
 e - 6 tomahawks (quivered)
Armour
 a - a +0 robe (worn)
Jewellery
 h - an uncursed ring of protection from cold {unknown}
Scrolls
 d - 2 scrolls of identify {unknown}
 f - 2 scrolls of random uselessness {unknown}
 i - a scroll of fear {unknown}
Potions
 k - a potion of heal wounds {unknown}
 n - a potion of curing {unknown}
Books
 b - a book of Flames

   Spells                             Type                      Level
   a - Flame Tongue                   Conjuration/Fire             1
   b - Throw Flame                    Conjuration/Fire             2
   c - Conjure Flame                  Conjuration/Fire             3
   d - Inner Flame                    Hexes/Fire                   3
   e - Sticky Flame                   Conjuration/Fire             4
   f - Fireball                       Conjuration/Fire             5
Comestibles
 c - a bread ration
 g - a meat ration
 l - a chunk of flesh


   Skills:
 - Level 2.1 Dodging
 - Level 2.0 Stealth
 - Level 2.0 Spellcasting
 - Level 1.3 Conjurations
 + Level 4.5 Fire Magic


You had 5 spell levels left.
You knew the following spells:

 Your Spells              Type           Power        Failure   Level  Hunger
a - Flame Tongue          Conj/Fire      ##...        10%         1    #......


Dungeon Overview and Level Annotations

Branches:
Dungeon (2/15)

Altars:

Annotations:
D:2 Natasha


Innate Abilities, Weirdness & Mutations

You have a beak for a mouth.
You have claws for feet.


Message History

The crimson imp hits you.
Casting: Flame Tongue
Confirm with . or Enter, or press ? or * to list all spells.
Aiming: Flame Tongue
Press: ? - help, Shift-Dir - straight line, f/p - Natasha
Aim: Natasha, carrying a wand of slowing {zapped: 3} (heavily wounded)
You miscast Flame Tongue.
You are very lightly contaminated with residual magic.
Wisps of smoke drift from your hands. The crimson imp hits you.
Natasha barely misses you.
Natasha zaps a wand.
You feel as though you will be slow longer.
The crimson imp hits you.
* * * LOW HITPOINT WARNING * * *
Drink which item? (? for menu, Esc to quit)
It was a potion of flight.
You feel very buoyant.
You swoop lightly up into the air.
Natasha stares at you and mumbles some strange words.
The magic dart hits you!
You die...

##.##### #.# #.#
#.# #.# #.. ...
### ### >.. #
.<..# #.##. #.#
.#.. #.# # ... #h#
# #.#.# #@# ####
#.#[###5# ...#
#......ยง#
##.#########.#####
##...........#
############## # #


You could see Natasha and a crimson imp.

Vanquished Creatures
  5 bats (D:1)
  4 goblins
  4 hobgoblins
  2 kobolds (D:1)
  3 giant cockroaches (D:1)
  2 giant newts (D:1)
  4 rats (D:1)
24 creatures vanquished.

Vanquished Creatures (others)
  3 toadstools (D:2)
3 creatures vanquished.

Grand Total: 27 creatures vanquished

Notes
Turn   | Place    | Note
--------------------------------------------------------------
     0 | D:1      | kae the Tengu Fire Elementalist began the quest for the Orb.
     0 | D:1      | Reached XP level 1. HP: 10/10 MP: 4/4
   253 | D:1      | Reached XP level 2. HP: 15/15 MP: 0/6
   363 | D:1      | Reached skill level 4 in Fire Magic
   921 | D:2      | Reached XP level 3. HP: 19/19 MP: 4/7
   998 | D:2      | Noticed Natasha
  1008 | D:2      | Killed from afar by Natasha

Vault maps used:
D:1:      sevenhm_arrival_forest_fort_small_3
D:2:      tgw_fedhas, first_bread, bloody_makhleb, uniq_iyjb, uniq_robin,
          uniq_terence, uniq_natasha

Action                   || total
-------------------------++-------
Melee: Unarmed           ||    10
       Whip              ||     5
 Cast: Flame Tongue      ||    40
  Use: Potion            ||     1
 Stab: Sleeping          ||     1
  Eat: Chunk             ||     1
